 Dungeon Crawl Stone Soup version 0.30-a0-723-gc1506a1cf0 (webtiles) character file.

Game seed: 13311832863656937694

53 Leeroy the Grasshopper (level 3, -6/31 HPs)
             Began as a Gnoll Warper on Jan 28, 2023.
             Mangled by Terence
             ... wielding a +6 short sword of freezing
              (7 damage)
             ... on level 2 of the Dungeon.
             The game lasted 00:01:42 (1143 turns).

Leeroy the Grasshopper (Gnoll Warper)               Turns: 1143, Time: 00:01:42

Health: -6/31      AC:  5    Str: 10    XL:     3   Next: 89%
Magic:  9/9        EV: 10    Int: 12    God:
Gold:   133        SH:  0    Dex: 13    Spells: 12/12 levels left

rFire   . . .      SeeInvis .    j - +0 dagger (protect)
rCold   . . .      Faith    .    (no shield)
rNeg    + . .      Spirit   .    b - +0 leather armour
rPois   .          Reflect  .    (no helmet)
rElec   .          Harm     .    (no cloak)
rCorr   .          Rampage  .    g - +0 pair of gloves
Will    .....                    q - +0 pair of boots
Stlth   +                        (no amulet)
HPRegen 0.25/turn                e - ring of positive energy
MPRegen 0.11/turn                (no ring)

@: grasped by roots, constricted
A: fangs 1, strong nose, distributed training
a: no special abilities


You were on level 2 of the Dungeon.
You visited 1 branch of the dungeon, and saw 2 of its levels.

You collected 133 gold pieces.

Inventory:

Hand Weapons
 a - a +0 falchion
 j - a +0 dagger of protection (weapon)
Missiles
 d - 4 boomerangs of dispersal (quivered)
Armour
 b - a +0 leather armour (worn)
 g - a +0 pair of gloves (worn)
 q - a +0 pair of boots (worn)
Jewellery
 e - a ring of positive energy (left hand)
 r - a ring of ice
Scrolls
 c - a scroll of blinking
 f - a scroll of vulnerability {unknown}
 h - 5 scrolls of fear
 k - a scroll of amnesia {unknown}
 l - a scroll of enchant armour {unknown}
 m - 2 scrolls of identify {unknown}
Potions
 i - a potion of attraction {unknown}
 n - a potion of degeneration {unknown}
 o - a potion of curing {unknown}
 p - a potion of mutation {unknown}


   Skills:
 + Level 4.6 Fighting
 + Level 1.0 Short Blades
 + Level 4.6 Long Blades
 + Level 1.0 Axes
 + Level 1.0 Maces & Flails
 + Level 1.0 Polearms
 + Level 1.0 Staves
 + Level 1.0 Ranged Weapons
 + Level 2.7 Throwing
 + Level 2.7 Armour
 + Level 4.6 Dodging
 + Level 1.0 Stealth
 + Level 1.0 Shields
 + Level 1.0 Unarmed Combat
 + Level 5.0 Spellcasting
 + Level 0.7 Conjurations
 + Level 0.7 Hexes
 + Level 0.7 Summonings
 + Level 0.7 Necromancy
 + Level 5.4 Translocations
 + Level 0.7 Transmutations
 + Level 0.7 Fire Magic
 + Level 0.7 Ice Magic
 + Level 0.7 Air Magic
 + Level 0.7 Earth Magic
 + Level 0.7 Poison Magic
 + Level 1.1 Invocations
 + Level 1.0 Evocations


You had 12 spell levels left.
You didn't know any spells.
Your spell library contained the following spells:

 Spells                   Type           Power      Damage    Failure   Level
 Blink                    Tloc           32%        N/A       4%          2
 Lesser Beckoning         Tloc           32%        N/A       4%          2
 Teleport Other           Tloc           16%        N/A       9%          3
 Vhi's Electric Charge    Tloc/Air       20%        N/A       22%         3
 Manifold Assault         Tloc           16%        N/A       28%         4


Dungeon Overview and Level Annotations

Branches:
Dungeon (2/15)

Altars:
Wu Jian

Annotations:
D:2 Terence


Innate Abilities, Weirdness & Mutations

You have very sharp teeth.
Your uncanny sense of smell can sniff out nearby items.
Your experience applies equally to all skills.


Message History

Terence is lightly wounded.
Terence zaps a wand.
The roots erupt in riotous growth!
The grasping roots grab you!
Terence is unaffected.
The grasping roots constrict you.
You hit Terence but do no damage.
Terence is lightly wounded.
Terence hits you with a +6 short sword of freezing.
Terence freezes you. The grasping roots constrict you.
You closely miss Terence.
Terence is lightly wounded.
Terence closely misses you. The grasping roots constrict you.
* * * LOW HITPOINT WARNING * * *
You don't know any spells.
You aren't carrying any items that you can evoke.
Unknown command.
Throw: 7 boomerangs (disperse)
Press: ? - help, Q - select action Shift-Dir - straight line, f - Terence
Aim: Terence, wielding a +6 short sword of freezing, wearing a +0 chain mail and carrying a wand of roots (6) (lightly wounded, 68% to hit)
You throw a boomerang of dispersal.
The boomerang of dispersal hits Terence but does no damage.
Terence is lightly wounded.
Terence closely misses you. The grasping roots constrict you.
* * * LOW HITPOINT WARNING * * *
The grasping roots release their grip on you.
Throw: 6 boomerangs (disperse)
Press: ? - help, Q - select action Shift-Dir - straight line, f/p - Terence
Aim: Terence, wielding a +6 short sword of freezing, wearing a +0 chain mail and carrying a wand of roots (6) (lightly wounded, 68% to hit)
You throw a boomerang of dispersal.
The boomerang of dispersal barely misses Terence.
Terence zaps a wand.
The roots erupt in riotous growth!
The grasping roots grab you!
Terence is unaffected.
The grasping roots constrict you.
* * * LOW HITPOINT WARNING * * *
Throw: 5 boomerangs (disperse)
Press: ? - help, Q - select action Shift-Dir - straight line, f/p - Terence
Aim: Terence, wielding a +6 short sword of freezing, wearing a +0 chain mail and carrying a wand of roots (5) (lightly wounded, 68% to hit)
You throw a boomerang of dispersal.
The boomerang of dispersal closely misses Terence.
Terence hits you with a +6 short sword of freezing!
You die...

#####.##. ##
#........ #.
###.###.##.
##.####
#.....#.# .
#.....#
#.....#..
#.....#
#.....####
#....<# #.....#
#.....####.....#
#..@@.....######
###.#####.# #.#
#.# #.. #.# #.#
#.# #.# #@# #..
..# ### ... ###


You could see Terence.

Vanquished Creatures
  3 dart slugs (D:1)
  4 bats
  3 endoplasms
  5 giant cockroaches
  3 hobgoblins
  8 kobolds
  2 quokkas (D:1)
  9 ball pythons
  5 frilled lizards
  3 goblins
  3 rats
48 creatures vanquished.

Notes
Turn   | Place    | Note
-------+----------+-------------------------------------------
     0 | D:1      | Leeroy the Gnoll Warper began the quest for the Orb.
     0 | D:1      | Reached XP level 1. HP: 20/20 MP: 6/6
   107 | D:1      | Reached XP level 2. HP: 19/26 MP: 7/7
   331 | D:1      | Reached skill level 5 in Spellcasting
   331 | D:1      | Reached XP level 3. HP: 14/31 MP: 7/9
   576 | D:1      | Reached skill level 1 in Invocations
   824 | D:2      | Reached skill level 1 in Short Blades
   824 | D:2      | Reached skill level 1 in Axes
   824 | D:2      | Reached skill level 1 in Maces & Flails
   824 | D:2      | Reached skill level 1 in Polearms
   824 | D:2      | Reached skill level 1 in Staves
   824 | D:2      | Reached skill level 1 in Ranged Weapons
   824 | D:2      | Reached skill level 1 in Stealth
   824 | D:2      | Reached skill level 1 in Shields
   824 | D:2      | Reached skill level 1 in Unarmed Combat
   824 | D:2      | Reached skill level 1 in Evocations
   912 | D:2      | Found an ornate altar of the Wu Jian Council.
  1120 | D:2      | Noticed Terence
  1142 | D:2      | HP: 1/31 [constriction (1)]
  1143 | D:2      | Mangled by Terence

Illustrated notes

Levels and vault maps discovered:
D:1:      dpeg_arrival_simpleton_b, layout_rooms, minmay_split_cup_large
D:2:      layout_loops_cross, basic_altar, uniq_terence

Skill      XL: |  1  2  3 |
---------------+----------+-----
Spellcasting   | 5 |  5.0
Invocations    | 1 |  1.1
Short Blades   | 1 |  1.0
Axes           | 1 |  1.0
Maces & Flails | 1 |  1.0
Polearms       | 1 |  1.0
Staves         | 1 |  1.0
Ranged Weapons | 1 |  1.0
Stealth        | 1 |  1.0
Shields        | 1 |  1.0
Unarmed Combat | 1 |  1.0
Evocations     | 1 |  1.0
Fighting       | |  4.6
Long Blades    | |  4.6
Throwing       | |  2.7
Armour         | |  2.7
Dodging        | |  4.6
Conjurations   | |  0.7
Hexes          | |  0.7
Summonings     | |  0.7
Necromancy     | |  0.7
Translocations | |  5.4
Transmutations | |  0.7
Fire Magic     | |  0.7
Ice Magic      | |  0.7
Air Magic      | |  0.7
Earth Magic    | |  0.7
Poison Magic   | |  0.7

Action                     || total
---------------------------++-------
  Melee: Falchion          ||    18
         Bite              ||    22
         Dagger            ||   209
  Throw: Boomerang         ||     3
    Use: Scroll            ||     1
   Stab: Sleeping          ||     1
 Armour: Leather armour    ||    98
  Dodge: Dodged            ||   188

Table legend: (Time is in decaauts)
 A = Elapsed time spent in this place.
 B = Non-inter-level travel time spent in this place.
 C = Inter-level travel time spent in this place.
 D = Time resting spent in this place.
 E = Time spent auto-exploring this place.
 F = Levels seen in this place.
 G = Mean time per level.
                   A        B        C        D        E       F      G
               +--------+--------+--------+--------+--------+-----+--------+
         Total |   1135 |   1122 |     13 |      0 |    733 |   2 |  567.5 |
       Dungeon |   1135 |   1122 |     13 |      0 |    733 |   2 |  567.5 |
               +--------+--------+--------+--------+--------+-----+--------+

Top non-repeatable levels by time:
     D:1: 728 daAuts
     D:2: 406 daAuts
